 Dungeon Crawl Stone Soup version 0.26-a0-834-g69557b85cc (webtiles) character file.

Game seed: 3495278449656880943

502083 dolemite99 the Spry (level 25, -7/200 HPs)
             Began as a Merfolk Fighter on Nov 14, 2020.
             Was a Priest of Fedhas.
             Mangled by a purple very ugly thing (10 damage)
             ... on level 5 of the Vaults on Nov 17, 2020.
             The game lasted 03:32:38 (104789 turns).

dolemite99 the Spry (Merfolk Fighter)             Turns: 104789, Time: 03:32:39

Health: -7/200     AC: 29    Str: 25    XL:     25   Next: 23%
Magic:  38/38      EV: 19    Int: 17    God:    Fedhas [***...]
Gold:   1          SH:  0    Dex: 17    Spells: 26/46 levels left

rFire    . . .     SeeInvis .   b - +9 demon trident (freeze)
rCold    + + +     Faith    +   (no shield)
rNeg     . . .     Spirit   .   N - +1 plate armour {MR+}
rPois    +         Reflect  .   o - +2 helmet {Int+3}
rElec    +         Harm     .   K - +1 cloak {rCorr}
rCorr    +         Rampage  .   s - +2 pair of gloves
MR       ++...                  y - +2 pair of boots of Pagratos {rElec rCorr Str+6 Dex-3}
Stlth    ..........             m - amulet of Wod Parch {Faith +Fly rC++ Dex+4}
HPRegen  0.43/turn              v - ring of poison resistance
MPRegen  0.26/turn              H - ring of Ahur {rC+ EV+4}

@: about to teleport, constricted
A: change form in water, swift swim, stealthy swim
}: 2/15 runes: decaying, gossamer
a: Wall of Briars, Grow Ballistomycete, Renounce Religion, Evoke Flight


You were on level 5 of the Vaults.
You worshipped Fedhas.
Fedhas was most pleased with you.
You visited 9 branches of the dungeon, and saw 46 of its levels.
You visited the Abyss 1 time.

You collected 7535 gold pieces.
You spent 7534 gold pieces at shops.

Inventory:

Hand Weapons
 a - the +6 fustibalus "Jellyslayer" {speed, rF++ Str+3}
   (You bought it in a shop on level 2 of the Orcish Mines)

   Attacks with this weapon are significantly faster.
   It affects your strength (+3).
   It greatly protects you from fire.
 b - a +9 demon trident of freezing (weapon)
 D - the +4 rapier of Neag {venom, rElec rN+ MR+}
   (You found it on level 3 of the Elven Halls)

   It poisons the flesh of those it strikes.
   It insulates you from electricity.
   It protects you from negative energy.
   It affects your resistance to hostile enchantments.
 F - a +6 glaive of venom
 S - the +10 morningstar of Death {venom, +Inv MP+9 Dex-5 Stlth+}
   (You found it on level 4 of the Spider Nest)

   It poisons the flesh of those it strikes.
   It affects your dexterity (-5).
   It affects your magic capacity (+9).
   It lets you turn invisible.
   It makes you more stealthy.
Missiles
 j - 864 stones (quivered)
Armour
 o - a +2 helmet of intelligence (worn)
 s - a +2 pair of gloves (worn)
 y - the +2 pair of boots of Pagratos (worn) {rElec rCorr Str+6 Dex-3}
   (You found it on level 1 of the Crypt)

   It affects your strength (+6).
   It affects your dexterity (-3).
   It insulates you from electricity.
   It provides partial protection from all sources of acid and corrosion.
 B - a +1 buckler of positive energy
 K - a +1 cloak of preservation (worn)
 N - a +1 plate armour of magic resistance (worn)
Jewellery
 c - the ring of Tender Moments {rF+ rC+ rN+ Int-2 Stlth+}
   (You bought it in a shop on level 5 of the Depths)

   [ring of protection from fire]

   It affects your intelligence (-2).
   It protects you from fire.
   It protects you from cold.
   It protects you from negative energy.
   It makes you more stealthy.
 h - the ring of the Cockatrice {+Fly rElec rF+ Str+4 Dex-4}
   (You found it on level 5 of the Depths)

   [ring of protection from fire]

   It affects your strength (+4).
   It affects your dexterity (-4).
   It protects you from fire.
   It insulates you from electricity.
   It lets you fly.
 m - the amulet of Wod Parch (around neck) {Faith +Fly rC++ Dex+4}
   (You took it off a deep elf demonologist on level 3 of the Elven Halls)

   [amulet of faith]

   It allows you to gain divine favour quickly.
   It affects your dexterity (+4).
   It greatly protects you from cold.
   It lets you fly.
 q - an uncursed ring of protection from magic
 v - a ring of poison resistance (left hand)
 z - the ring "Fethiumi" {rN+ Str+3 Int+3}
   (You found it on level 3 of the Swamp)

   [ring of positive energy]

   It affects your strength (+3).
   It affects your intelligence (+3).
   It protects you from negative energy.
 E - an uncursed ring of protection from magic
 G - the ring "Biest" {Wiz *Corrode rPois Dex+7 Stlth+}
   (You took it off a deep elf sorcerer on level 3 of the Elven Halls)

   [ring of wizardry]

   It improves your spell success rate.
   It affects your dexterity (+7).
   It protects you from poison.
   It may corrode you when you take damage.
   It makes you more stealthy.
 H - the ring of Ahur (right hand) {rC+ EV+4}
   (You bought it in a shop on level 3 of the Vaults)

   [ring of evasion]

   It affects your evasion (+4).
   It protects you from cold.
Wands
 t - a wand of paralysis (4)
 I - a wand of polymorph (38)
 L - a wand of iceblast (18)
 Q - a wand of enslavement (6)
 U - a wand of digging (10)
Scrolls
 d - 4 scrolls of amnesia
 l - a scroll of silence
 n - 3 scrolls of teleportation
 p - 11 scrolls of identify {@r1}
 T - 15 scrolls of remove curse {@r2}
 V - 11 scrolls of magic mapping
 Y - 3 scrolls of vulnerability
Potions
 f - 3 potions of flight
 i - 3 potions of attraction
 r - a potion of ambrosia
 A - 7 potions of brilliance
 J - 2 potions of cancellation
Miscellaneous
 e - a phial of floods (inert)
 w - a box of beasts (inert)
 C - a lightning rod (1/4)
 M - a tin of tremorstones (inert)
 W - a condenser vane (inert)
 Z - a phantom mirror (inert)


   Skills:
 - Level 16.9 Fighting
 + Level 16.6 Polearms
 - Level 12.6(13.1) Slings
 - Level 7.7(12.2) Throwing
 - Level 12.2 Armour
 - Level 17.6 Dodging
 - Level 7.4 Stealth
 - Level 10.2 Shields
 - Level 11.3 Spellcasting
 + Level 7.0 Conjurations
 - Level 11.4 Hexes
 - Level 5.4 Summonings
 - Level 8.8 Necromancy
 - Level 7.0 Translocations
 - Level 11.1 Transmutations
 - Level 13.8 Invocations
 - Level 10.0 Evocations


You had 26 spell levels left.
You knew the following spells:

 Your Spells              Type           Power        Failure   Level
a - Wereblood             Tmut           #####...     1%          2
b - Dazzling Flash        Conj/Hex       #####.       4%          3
c - Poisonous Vapours     Pois/Air       #.....       71%         2
d - Swiftness             Air            #.......     71%         2
e - Mephitic Cloud        Conj/Pois/Air  ###.....     58%         3
f - Call Imp              Summ           ####....     11%         2
g - Apportation           Tloc           ####..       3%          1
h - Animate Dead          Necr           #####.....   19%         4
s - Animate Skeleton      Necr           #####.       1%          1

Your spell library contained the following spells:

 Spells                   Type           Power        Failure   Level
 Beastly Appendage        Tmut           #####.       1%          1
 Corona                   Hex            #####..      1%          1
 Slow                     Hex            #####...     1%          2
 Confusing Touch          Hex            #####...     1%          3
 Tukima's Dance           Hex            #####...     1%          3
 Magic Dart               Conj           ####         3%          1
 Portal Projectile        Hex/Tloc       #####.       4%          3
 Searing Ray              Conj           ####..       5%          2
 Blink                    Tloc           N/A          6%          2
 Summon Guardian Golem    Hex/Summ       #####...     6%          3
 Cause Fear               Hex            #####.....   6%          4
 Summon Small Mammal      Summ           ####         8%          1
 Ensorcelled Hibernation  Hex/Ice        ####..       10%         2
 Gell's Gravitas          Tloc           ####......   12%         3
 Lesser Beckoning         Tloc           ####......   12%         3
 Fulminant Prism          Conj/Hex       #####.....   14%         4
 Shock                    Conj/Air       ###.         16%         1
 Inner Flame              Hex/Fire       ####....     19%         3
 Blade Hands              Tmut           #####.....   19%         5
 Yara's Violent Unravell  Hex/Tmut       #####.....   19%         5
 Spider Form              Tmut/Pois      ####......   21%         3
 Call Canine Familiar     Summ           ####....     22%         3
 Iskenderun's Mystic Bla  Conj/Tloc      ####....     36%         4
 Ignite Poison            Fire/Tmut/Pois ###.....     41%         3
 Irradiate                Conj/Tmut      #####.....   41%         5
 Conjure Flame            Conj/Fire      ###.....     43%         3
 Static Discharge         Conj/Air       ###.....     43%         3
 Leda's Liquefaction      Hex/Erth       ####......   54%         4
 Freeze                   Ice            #...         56%         1
 Ice Form                 Ice/Tmut       ####....     56%         4
 Petrify                  Tmut/Erth      ####....     56%         4
 Invisibility             Hex            #####...     67%         6
 Hailstorm                Conj/Ice       ###.....     83%         4
 Sticky Flame             Conj/Fire      ###.....     83%         4
 Metabolic Englaciation   Hex/Ice        ####......   87%         5
 Alistair's Intoxication  Tmut/Pois      ####.....    88%         5
 Frozen Ramparts          Ice            #.....       90%         3
 Ozocubu's Armour         Ice            #.......     90%         3
 Summon Ice Beast         Ice/Summ       ###.....     91%         4
 Summon Lightning Spire   Summ/Air       ###.....     91%         4
 Death Channel            Necr           #####.....   95%         6
 Borgnjor's Vile Clutch   Necr/Erth      ###.......   97%         5
 Fireball                 Conj/Fire      ###.......   99%         5
 Lightning Bolt           Conj/Air       ###.......   99%         5
 Airstrike                Air            #.........   100%        4
 Bolt of Magma            Conj/Fire/Erth ###.......   100%        5
 Freezing Cloud           Conj/Ice/Air   ###.......   100%        6
 Iron Shot                Conj/Erth      ###.......   100%        6
 Ozocubu's Refrigeration  Ice            #.........   100%        6
 Simulacrum               Ice/Necr       ###.......   100%        6
 Starburst                Conj/Fire      ###.......   100%        6
 Statue Form              Tmut/Erth      ####.....    100%        6
 Ignition                 Fire           #.........   100%        8
 Shatter                  Erth           #.........   100%        9


Dungeon Overview and Level Annotations

Branches:
Dungeon (15/15)            Temple (0/1) D:5            Lair (6/6) D:8
  Swamp (4/4) Lair:2       Spider (4/4) Lair:3        Slime (0/5) Lair:5
    Orc (2/2) D:10            Elf (3/3) Orc:2        Vaults (5/5) D:13
  Crypt (2/3) Vaults:3     Depths (5/5) D:15            Zot (0/5) Depths:5

Altars:
Ashenzari
Cheibriados
Dithmenos
Fedhas
Gozag
Hepliaklqana
Makhleb
Nemelex Xobeh
Okawaru
Qazlal
Ru
Trog
Uskayaw
Xom
Zin
The Shining One
Jiyva
Lugonu

Shops:
D:5 }   D:6 }   D:11 (   D:13 :?   Orc:2 (!}?(   Elf:2 [   Elf:3 [
Vaults:3 *((   Vaults:4 (   Depths:1 !*   Depths:3 *   Depths:5 }=}

Portals:
Hell: Depths:1 Depths:2 Depths:3 Depths:4 Depths:5
Abyss: Depths:1 Depths:3 Depths:4
Pandemonium: Orc:2 Depths:3
Ziggurat: Depths:1

Annotations:
D:3 exclusion: downstairs
Lair:3 exclusion: downstairs
Swamp:1 Roxanne
Elf:1 6 runed translucent doors
Elf:2 3 runed translucent doors
Vaults:4 3 runed translucent doors, exclusion: obsidian statue, garrulousMonolith's ghost, veteran GnFi


Message History

* * * LOW HITPOINT WARNING * * *
The tentacled monstrosity constricts you.
You escape the tentacled monstrosity's grasp.
The vault sentinel blows a loud note on a signal horn!
The purple very ugly thing basks in the mutagenic energy from its kin and changes!
The purple very ugly thing misses you.
You hear a shout! x2; You hear a deafening roar!
You hear two shouts!
You hear a deafening roar!
As you read the scroll of teleportation, it crumbles to dust.
You feel strangely unstable.
The purple very ugly thing closely misses you.
The tentacled monstrosity tentacle-slaps you but does no damage.
The tentacled monstrosity completely misses you.
The tentacled monstrosity misses you. The tentacled monstrosity grabs you.
* * * LOW HITPOINT WARNING * * *
The tentacled monstrosity constricts you.
The tentacled monstrosity's grasp on you weakens, but your attempt to escape fails.
The purple very ugly thing engulfs you!
You die...
Fedhas appreciates your contribution to the ecosystem.

## #..# ##.#
#..# #.#.##..#
#.#.#..#
#.....#
#########....#
.......@up...#
........X....#
##############


You could see a tentacled monstrosity, a purple very ugly thing and a vault
sentinel (catching breath).

Vanquished Creatures
  Mara (Vaults:2)
  2 juggernauts
  Xtahua (Vaults:2)
  Bai Suzhen (Elf:3)
  Saint Roka (Vaults:2)
  Nikola (Swamp:1)
  A golden dragon (Depths:5)
  the Enchantress (Depths:3)
  Arachne (Spider:4)
  2 tentacled monstrosities
  5 liches
  A deep elf master archer (Elf:3)
  2 sphinxes
  An ancient champion (Crypt:2)
  Agnes (Spider:4)
  A storm dragon (Depths:3)
  The ghost of Adoajy the Bludgeoner, an adept DsWr of Ru (Vaults:2)
  11 fire giants
  A draconian knight (Depths:5)
  7 frost giants
  A tengu reaver (Depths:3)
  An azure jelly (Swamp:4)
  2 draconian monks (Depths:5)
  4 ghost moths (Spider:4)
  2 balrugs
  An iron dragon (Depths:5)
  7 emperor scorpions
  7 deep elf sorcerers
  17 vault wardens
  Louise (Depths:1)
  Aizul (Crypt:1)
  A juggernaut zombie (Crypt:2)
  3 ghouls (Crypt:2)
  A curse skull (Crypt:2)
  6 deep elf elementalists
  3 draconian annihilators (Depths:5)
  5 spriggan defenders
  6 ironheart preservers
  10 very ugly things
  16 stone giants
  4 vampire knights
  4 entropy weavers
  6 deep elf demonologists
  Azrael (D:15)
  3 white draconians (Depths:5)
  3 green draconians (Depths:5)
  3 purple draconians (Depths:5)
  3 black draconians (Depths:5)
  5 deep elf annihilators
  2 bunyips
  A dire elephant (D:15)
  3 red draconians (Depths:5)
  4 spark wasps
  5 ettins
  4 eleionomae
  5 death oozes (Crypt:2)
  Snorg (D:10)
  3 jiangshi
  6 deep elf death magi
  2 eidola (Crypt:2)
  The ghost of Foxy the Spear-Bearer, a journeyman OgGl of Okawaru (D:9)
  9 fire dragons
  The ghost of Veudig the Severer, a journeyman HOFi of Dithmenos (Orc:1)
  Josephine (Lair:4)
  11 yaktaur captains
  5 rakshasas
  10 great orbs of eyes
  6 deep elf high priests
  21 ice dragons
  5 vault guards
  13 hydras
  The ghost of Keiwuoma the Grappler, a journeyman DrTm of Hepliaklqana (Lair:1)
  A quicksilver dragon skeleton (Depths:1)
  8 spriggan air magi
  A ghost crab (Swamp:4)
  8 boulder beetles
  4 death knights
  4 alligators
  12 death yaks
  12 centaur warriors
  11 ogre magi
  5 tengu warriors
  Erica (D:8)
  The ghost of avis the Severer, a novice HOFi of Beogh (D:14)
  7 deep troll earth magi
  44 two-headed ogres
  5 spriggan berserkers
  8 deep troll shamans
  8 dancing weapons
  A soul eater (Orc:2)
  7 orc high priests
  8 goliath frogs
  Nergalle (Lair:2)
  3 vampire magi
  21 deep elf knights
  A sixfirhy (Orc:2)
  5 hell knights (Depths:2)
  5 iron trolls
  A fire crab (shapeshifter) (Depths:4)
  2 shadow wraiths
  An unseen horror (Vaults:1)
  17 skeletal warriors
  A sea snake (shapeshifter) (Vaults:2)
  A titan skeleton (Crypt:1)
  A death drake (Depths:5)
  3 glowing orange brains
  A golden dragon zombie (Depths:1)
  17 deep elf archers
  A torturous demonspawn (Orc:2)
  4 flayed ghosts
  4 swamp dragons
  18 deep trolls
  A gelid demonspawn (Orc:2)
  7 wizards
  12 ironbrand convokers
  2 bog bodies
  An iron giant skeleton (Crypt:2)
  An orange crystal statue (Depths:2)
  6 phantasmal warriors
  2 lindwurms (Depths:5)
  7 necromancers
  A fire giant zombie (Crypt:2)
  A harpy (Vaults:3)
  8 orc sorcerers
  A frost giant zombie (Vaults:4)
  17 orb spiders
  7 orc knights
  10 wolf spider zombies
  6 cyclopes
  3 will-o-the-wisps (Swamp:3)
  2 manticores (D:14)
  66 deep elf magi
  37 ugly things
  3 moths of wrath
  A shadow dragon skeleton (Vaults:4)
  19 slime creatures
  29 wolf spiders
  An iron dragon zombie (Crypt:2)
  A salamander (D:15)
  A shock serpent zombie (Crypt:1)
  11 elephants
  A salamander (shapeshifter) (Vaults:2)
  11 vault sentinels
  2 moths of wrath (shapeshifter)
  Joseph (D:7)
  A molten gargoyle (Depths:1)
  21 cane toads
  6 black mambas
  3 centaur skeletons
  A stone giant skeleton (Crypt:1)
  An elf zombie (Depths:1)
  Maggie (D:7)
  A smoke demon (Depths:1)
  2 torpor snails (Spider:2)
  2 gargoyles
  9 freezing wraiths
  62 yaktaurs
  A kobold demonologist (D:12)
  3 rime drakes
  9 komodo dragons
  5 hellwings
  14 demonic crawlers
  9 redback zombies (Spider:1)
  4 tengu conjurers
  A bloated husk (Swamp:2)
  6 red devils
  35 jumping spiders
  A tengu simulacrum (Vaults:3)
  A merfolk (D:15)
  A meliai (Vaults:4)
  7 polar bears
  4 trolls
  2 meliai (shapeshifter)
  4 wind drakes (Depths:5)
  12 tyrant leeches
  A queen bee (Spider:1)
  19 hornets
  17 blink frogs
  A sphinx simulacrum (D:14)
  A blink frog (shapeshifter) (Elf:1)
  7 tarantella zombies
  Prince Ribbit (D:7)
  A dream sheep (shapeshifter) (D:13)
  A dream sheep (Vaults:1)
  4 human simulacra
  A meliai zombie (Crypt:2)
  Sigmund (D:4)
  6 air elementals
  An ettin skeleton (Vaults:4)
  15 wraiths
  61 redbacks
  A satyr skeleton (Crypt:1)
  51 yaks
  38 tarantellas
  2 shadows
  A yak (shapeshifter) (Depths:5)
  8 water elementals
  A ynoxinul (Orc:2)
  A fire bat (Abyss:2)
  16 spriggans
  9 fire elementals
  A spriggan simulacrum (D:14)
  4 vampires
  A basilisk (Lair:3)
  2 wyverns
  5 swamp worm simulacra (Swamp:4)
  A steam dragon (shapeshifter) (D:13)
  A steam dragon (Lair:5)
  14 vampire mosquitoes
  A deep troll zombie (Crypt:2)
  10 swamp worms
  3 wargs
  A soldier ant (shapeshifter) (Vaults:4)
  19 water moccasins
  2 soldier ants
  An acid dragon (D:15)
  A floating eye (Depths:4)
  15 hydra simulacra (Swamp:4)
  5 hell hounds
  11 swamp drakes
  6 iguanas
  2 black bears (D:8)
  An ice beast (D:11)
  4 phantoms
  29 orc warriors
  A black bear (shapeshifter) (D:15)
  2 sky beasts
  A snapping turtle zombie (Crypt:1)
  2 eyes of draining
  12 centaurs
  A boggart (shapeshifter) (Depths:2)
  10 necrophages
  An ogre (shapeshifter) (Vaults:2)
  The ghost of Sin92 the Skirmisher, an amateur DsFi (D:7)
  17 boggarts
  6 wolves
  2 human skeletons (Vaults:3)
  27 ogres
  A big kobold (D:13)
  Blork the orc (D:5)
  30 bullfrogs
  3 earth elementals
  2 gnoll sergeants
  2 wyvern skeletons
  8 scorpions
  An elf simulacrum (Vaults:3)
  19 killer bees
  21 wights
  5 howler monkeys
  11 electric eels
  5 crimson imps
  A quasit (D:8)
  2 bullfrog zombies
  Crazy Yiuf (D:4)
  6 centaur zombies
  5 hounds
  An iron imp (Depths:4)
  4 jellies
  A black bear zombie (Crypt:2)
  27 orc priests
  A human zombie (Crypt:1)
  20 orc wizards
  A bullfrog skeleton (D:6)
  Natasha (thrice) (D:4)
  10 worker ants
  A killer bee zombie (D:6)
  A tengu zombie (Crypt:1)
  A hound zombie (D:11)
  A hound skeleton (D:6)
  A worker ant zombie (D:6)
  10 gnolls
  12 adders
  2 shadow imps
  An ufetubus (D:6)
  3 oozes
  3 swamp drake simulacra (Swamp:4)
  A worm zombie (Crypt:1)
  3 adder skeletons
  An adder zombie (D:8)
  4 worms (Spider:1)
  2 dart slugs (D:1)
  4 leopard geckos
  102 orcs
  2 ball pythons (D:2)
  2 giant cockroaches
  14 goblins
  10 hobgoblins
  2 jackals (D:1)
  9 kobolds
  5 quokkas
  A ball python skeleton (Crypt:2)
  2 bats (D:3)
  3 frilled lizards
  A frilled lizard skeleton (Crypt:2)
  2 jackal zombies
  A kobold zombie (Crypt:1)
  A leopard gecko skeleton (Crypt:2)
  2 leopard gecko zombies
  A quokka skeleton (D:4)
  A quokka zombie (D:6)
  4 rats
  15 ballistomycete spores
  3 crawling corpses (Vaults:4)
1977 creatures vanquished.

Vanquished Creatures (collateral kills)
  A lich (Depths:2)
  A deep elf blademaster (Elf:3)
  A frost giant (Depths:4)
  An emperor scorpion (Spider:4)
  A green draconian (Depths:5)
  A white draconian (Depths:5)
  A great orb of eyes (Depths:4)
  An ice dragon (Depths:4)
  A wizard (Depths:3)
  2 orb spiders (Spider:4)
  A necromancer (Vaults:4)
  An ugly thing (Vaults:3)
  A wolf spider (Spider:4)
  An elephant (Lair:3)
  A black mamba (shapeshifter) (Depths:2)
  A redback zombie (Spider:1)
  A hellwing (Depths:2)
  2 demonic crawlers (Spider:4)
  2 yaktaurs (Depths:5)
  A red devil (Depths:2)
  A jumping spider (Spider:4)
  A blink frog (Lair:4)
  6 hornets (Spider:3)
  A tarantella zombie (Spider:1)
  5 redbacks (Spider:4)
  3 yaks
  A spriggan (Depths:3)
  3 tarantellas (Spider:4)
  An ogre (Vaults:2)
  6 wolves
  An orc wizard (Orc:2)
  472 ballistomycete spores
524 creatures vanquished.

Vanquished Creatures (others)
  A thorn hunter (Swamp:2)
  A draconian monk (Depths:5)
  A fire giant (Depths:5)
  A black draconian (Depths:5)
  2 bunyips
  An eleionoma (Swamp:2)
  A ghost crab (Swamp:4)
  3 alligators (Swamp:2)
  A deep troll (Depths:4)
  A deep elf mage (Elf:3)
  A will-o-the-wisp (Swamp:4)
  An orc sorcerer (Vaults:5)
  A bloated husk (Swamp:3)
  A swamp worm (Swamp:2)
  2 sky beasts
  2 wights (D:6)
  A worker ant (D:6)
  46 ballistomycete spores
  2 briar patches (Swamp:3)
  A bush (D:14)
  10 foxfires (Swamp:3)
  115 fungi
  239 plants
  22 withered plants (Crypt:2)
457 creatures vanquished.

Grand Total: 2958 creatures vanquished

Notes
Turn   | Place    | Note
-------+----------+-------------------------------------------
     0 | D:1      | dolemite99 the Merfolk Fighter began the quest for the Orb.
     0 | D:1      | Reached XP level 1. HP: 18/18 MP: 1/1
    71 | D:1      | You fall into a shaft and drop 1 floor!
   110 | D:2      | Reached XP level 2. HP: 23/24 MP: 2/2
   126 | D:2      | Found a blossoming altar of Fedhas.
   153 | D:2      | Became a worshipper of Fedhas Madash
   501 | D:2      | Reached skill level 5 in Polearms
   501 | D:2      | Reached XP level 3. HP: 27/29 MP: 3/3
   788 | D:1      | Reached XP level 4. HP: 35/35 MP: 4/4
  1163 | D:1      | Reached * piety under Fedhas
  2007 | D:3      | Reached XP level 5. HP: 14/41 MP: 5/5
  3072 | D:4      | Noticed Sigmund
  3088 | D:4      | Noticed a phantom
  3507 | D:4      | Killed a phantom
  3508 | D:4      | Reached XP level 6. HP: 37/47 MP: 6/6
  3844 | D:4      | Found a glowing silver altar of Zin.
  4470 | D:4      | Found a sacrificial altar of Ru.
  4575 | D:4      | Found a glowing golden altar of the Shining One.
  4695 | D:4      | Noticed Natasha
  4707 | D:4      | Reached skill level 1 in Throwing
  4715 | D:4      | Killed Natasha
  5083 | D:5      | Entered Level 5 of the Dungeon
  5138 | D:5      | Reached XP level 7. HP: 32/52 MP: 7/7
  5955 | D:5      | Found a stormy altar of Qazlal.
  6079 | D:5      | Reached ** piety under Fedhas
  6469 | D:5      | Found Miocuwo's Gadget Emporium.
  6476 | D:5      | Bought a wand of enslavement (4) for 84 gold pieces
  6476 | D:5      | Bought a wand of paralysis (11) for 182 gold pieces
  6607 | D:5      | Found a staircase to the Ecumenical Temple.
  6724 | D:5      | Noticed Blork the orc
  6737 | D:5      | Killed Blork the orc
  6738 | D:5      | Reached skill level 1 in Evocations
  6957 | D:6      | Found Fusuant's Gadget Boutique.
  7007 | D:6      | Bought a wand of paralysis (5) for 91 gold pieces
  7044 | D:6      | Reached XP level 8. HP: 61/61 MP: 8/8
  7283 | D:6      | Reached skill level 1 in Invocations
  7898 | D:6      | Reached skill level 5 in Invocations
  7987 | D:6      | Found a sparkling altar of Nemelex Xobeh.
  8022 | D:6      | Found a shadowy altar of Dithmenos.
  8024 | D:6      | Found a bloodstained altar of Trog.
  8024 | D:6      | Found a hazy altar of Hepliaklqana.
  8062 | D:6      | Found an iron altar of Okawaru.
  8132 | D:6      | Found a broken altar of Ashenzari.
  8178 | D:5      | Bought a wand of flame (12) for 98 gold pieces
  8240 | D:4      | Noticed Natasha
  8247 | D:4      | Killed Natasha
  8248 | D:4      | Reached skill level 1 in Dodging
  8311 | D:4      | Noticed Natasha
  8332 | D:4      | Killed Sigmund
  8333 | D:4      | Reached skill level 4 in Dodging
  8333 | D:4      | Reached XP level 9. HP: 65/65 MP: 12/12
  8341 | D:4      | Killed Natasha
  8350 | D:4      | Reached *** piety under Fedhas
  8896 | D:4      | Reached skill level 5 in Dodging
  9152 | D:4      | Reached skill level 6 in Dodging
  9260 | D:4      | Found a runed translucent door.
  9261 | D:4      | Noticed Crazy Yiuf
  9267 | D:4      | Killed Crazy Yiuf
  9351 | D:7      | Noticed Joseph
  9375 | D:7      | Killed Joseph
  9376 | D:7      | Reached skill level 7 in Dodging
  9380 | D:7      | Reached skill level 8 in Dodging
  9776 | D:7      | Noticed Prince Ribbit
  9798 | D:7      | Killed Prince Ribbit
  9799 | D:7      | Reached skill level 9 in Dodging
  9848 | D:7      | Found a hide-covered altar of Uskayaw.
  9889 | D:7      | Noticed Maggie
  9904 | D:7      | Killed Maggie
  9905 | D:7      | Found a runed translucent door.
  9905 | D:7      | Noticed Sin92's ghost (amateur DsFi)
  9918 | D:7      | Noticed a hornet
  9923 | D:7      | Paralysed by a hornet for 3 turns
  9931 | D:7      | Killed a hornet
 10501 | D:7      | Reached XP level 10. HP: 73/73 MP: 13/13
 10871 | D:8      | Found a shimmering altar of Xom.
 10904 | D:8      | Reached skill level 5 in Armour
 11029 | D:6      | Reached skill level 10 in Polearms
 12688 | D:8      | Reached **** piety under Fedhas
 12717 | D:8      | Noticed Erica
 12735 | D:8      | Killed Erica
 13313 | D:8      | Found a staircase to the Lair.
 13618 | D:6      | Bought a wand of paralysis (8) for 130 gold pieces
 13659 | Lair:1   | Entered Level 1 of the Lair of Beasts
 13854 | Lair:1   | Reached skill level 5 in Stealth
 13854 | Lair:1   | Reached XP level 11. HP: 43/78 MP: 14/14
 13861 | Lair:1   | Noticed a seven-headed hydra
 14292 | Lair:1   | Found a transporter.
 14463 | Lair:1   | Found a transporter.
 14465 | Lair:1   | Identified the +6 rapier of Demonkind {antimagic, *Corrode
                  | rElec rPois rF++}
 14465 | Lair:1   | Noticed a spriggan berserker
 14468 | Lair:1   | Found a bloodstained altar of Trog.
 14468 | Lair:1   | Identified the +5 spear "Ultimatum" {vorpal, rC+ rN+ Int-5}
 14468 | Lair:1   | Noticed a spriggan rider
 14468 | Lair:1   | Identified the +6 trident "Biba" {antimagic, *Noise rN+
                  | Dex+7}
 14468 | Lair:1   | Noticed a spriggan rider
 14469 | Lair:1   | Noticed Keiwuoma's ghost (journeyman DrTm)
 14478 | Lair:1   | Noticed a moth of wrath
 14522 | Lair:1   | Noticed a six-headed hydra
 14526 | Lair:1   | Killed a six-headed hydra
 14737 | Lair:1   | Reached skill level 5 in Fighting
 15607 | Lair:2   | Found a staircase to the Swamp.
 15887 | Lair:2   | Killed a seven-headed hydra
 15888 | Lair:2   | Reached skill level 5 in Evocations
 16026 | Lair:2   | Noticed Nergalle
 16034 | Lair:2   | Killed Nergalle
 16042 | Lair:2   | Reached XP level 12. HP: 51/94 MP: 12/16
 16580 | Lair:2   | Reached skill level 5 in Throwing
 17695 | Lair:3   | Noticed a five-headed hydra
 17707 | Lair:3   | Killed a five-headed hydra
 18302 | Lair:3   | Found a hole to the Spider Nest.
 18614 | Lair:4   | Noticed a five-headed hydra
 18625 | Lair:4   | Killed a five-headed hydra
 19177 | D:6      | Bought a wand of digging (5) for 234 gold pieces
 19275 | Lair:4   | Noticed Josephine
 19356 | Lair:4   | Reached XP level 13. HP: 89/99 MP: 19/19
 20697 | Lair:4   | Killed Josephine
 20698 | Lair:4   | Reached skill level 15 in Polearms
 21131 | Lair:5   | Reached skill level 10 in Dodging
 21538 | Lair:5   | Reached skill level 10 in Fighting
 21538 | Lair:5   | Reached skill level 11 in Dodging
 21827 | Lair:5   | Found a viscous altar of Jiyva.
 21827 | Lair:5   | Found a staircase to the Slime Pits.
 22154 | D:6      | Bought a wand of iceblast (12) for 208 gold pieces
 22292 | Lair:6   | Entered Level 6 of the Lair of Beasts
 22414 | Lair:6   | Reached skill level 10 in Invocations
 22418 | Lair:6   | Reached XP level 14. HP: 72/109 MP: 18/21
 22618 | Lair:6   | Reached skill level 10 in Evocations
 24998 | D:9      | Found a runed translucent door.
 25003 | D:9      | Noticed Foxy's ghost (journeyman OgGl)
 25303 | D:9      | You fall into a shaft and drop 1 floor!
 25303 | D:10     | Entered Level 10 of the Dungeon
 25355 | D:10     | Noticed Snorg
 25382 | D:10     | Killed Snorg
 25835 | D:10     | Noticed Sonja
 25842 | D:10     | Noticed Sonja
 25842 | D:10     | Sonja changed into Sonja the soldier ant
 25848 | D:10     | Killed Sonja the soldier ant
 26293 | D:10     | Found a staircase to the Orcish Mines.
 26982 | D:9      | Found a burning altar of Makhleb.
 27156 | D:11     | Reached skill level 5 in Shields
 27163 | D:11     | Found Tehae's Weapon Emporium.
 28634 | Orc:1    | Entered Level 1 of the Orcish Mines
 28694 | Orc:1    | Reached ***** piety under Fedhas
 28794 | Orc:1    | Found a runed translucent gate.
 28794 | Orc:1    | Found a runed translucent gate.
 28794 | Orc:1    | Found a runed translucent gate.
 28819 | Orc:1    | Noticed Veudig's ghost (journeyman HOFi)
 29335 | Orc:2    | Entered Level 2 of the Orcish Mines
 29335 | Orc:2    | Found Zomoloi's Antique Weapon Shoppe.
 29730 | Orc:2    | Found a staircase to the Elven Halls.
 30170 | Orc:2    | Reached skill level 1 in Slings
 30170 | Orc:2    | Reached XP level 15. HP: 115/115 MP: 23/23
 30303 | Orc:2    | Found Soalofen's Magic Scroll Shop.
 30329 | Orc:2    | Found Geir's Distillery.
 31117 | Orc:2    | Reached skill level 5 in Slings
 31648 | Orc:2    | Found Fim Ungi's Antique Weapon Shoppe.
 31648 | Orc:2    | Found Vannuoti's Gadget Emporium.
 31648 | Orc:2    | Found a one-way gate leading to the halls of Pandemonium.
 31654 | Orc:2    | Bought a faintly glowing fustibalus for 520 gold pieces
 31654 | Orc:2    | Identified the +6 fustibalus "Jellyslayer" {speed, rF++
                  | Str+3} (You bought it in a shop on level 2 of the Orcish
                  | Mines)
 31659 | Orc:2    | Bought a tin of tremorstones (2/2) for 480 gold pieces
 32283 | D:12     | Identified the +1 leather armour of Fashionability {rF-
                  | rC++ Int+2 SInv}
 33218 | D:13     | Found a gate to the Vaults.
 34698 | D:13     | Found Haggasic's Magic Scroll Shoppe.
 34708 | D:13     | Bought a scroll of summoning for 133 gold pieces
 34708 | D:13     | Bought a scroll of fear for 49 gold pieces
 34723 | D:13     | Found Faplo's Book Shoppe.
 35931 | D:14     | Found a transporter.
 35936 | D:14     | Noticed avis's ghost (novice HOFi)
 36022 | D:14     | Reached XP level 16. HP: 122/122 MP: 24/24
 36108 | D:14     | Found a transporter.
 36488 | D:14     | Reached skill level 10 in Slings
 36948 | D:15     | Entered Level 15 of the Dungeon
 36996 | D:15     | Noticed Azrael
 37020 | D:15     | Killed Azrael
 37668 | D:15     | Found a staircase to the Depths.
 38312 | D:15     | Upgraded the game from 0.26-a0-818-g75db068ed4 to
                  | 0.26-a0-831-g7192265339
 38529 | D:7      | Killed Sin92's ghost
 38826 | D:9      | Killed Foxy's ghost
 38963 | Lair:1   | Killed Keiwuoma's ghost
 38983 | Lair:1   | Identified the Volume of Victory
 39163 | Orc:1    | Killed Veudig's ghost
 39273 | Orc:2    | Bought a potion of might for 56 gold pieces
 39273 | Orc:2    | Bought a potion of might for 56 gold pieces
 39273 | Orc:2    | Bought a potion of heal wounds for 70 gold pieces
 39273 | Orc:2    | Bought a potion of resistance for 140 gold pieces
 39273 | Orc:2    | Bought a potion of berserk rage for 70 gold pieces
 39492 | Swamp:1  | Entered Level 1 of the Swamp
 39647 | Swamp:1  | Noticed Nikola
 39664 | Swamp:1  | Killed Nikola
 41033 | Swamp:1  | Noticed Roxanne
 41321 | Swamp:2  | Noticed a thorn hunter
 41357 | Swamp:2  | Identified the Compendium of Mutagenic Attacks
 41776 | Swamp:2  | Killed a thorn hunter
 41835 | Swamp:2  | Reached skill level 12 in Dodging
 41972 | Swamp:2  | Noticed a thorn hunter
 42645 | Swamp:3  | Reached XP level 17. HP: 133/138 MP: 25/25
 42757 | Swamp:3  | Found a transporter.
 42802 | Swamp:3  | Found a transporter.
 42883 | Swamp:3  | Identified the +1 scale mail of Sujyul {rElec rF- Dex+10
                  | Stlth+} (You found it on level 3 of the Swamp)
 42898 | Swamp:3  | Reached skill level 13 in Dodging
 43496 | Swamp:3  | Paralysed by a Zot trap for 4 turns
 43523 | Swamp:3  | Got a fine helmet
 43526 | Swamp:3  | Got a scorched granite ring
 43527 | Swamp:3  | Identified the +3 helmet of the Nexus {rN+ Str+3 Int-4}
                  | (You found it on level 3 of the Swamp)
 44396 | Swamp:4  | Entered Level 4 of the Swamp
 45136 | Swamp:4  | Identified the ring "Fethiumi" {rN+ Str+3 Int+3} (You found
                  | it on level 3 of the Swamp)
 45927 | Swamp:4  | Got a decaying rune of Zot
 46241 | Spider:1 | Entered Level 1 of the Spider Nest
 46262 | Spider:1 | Reached ****** piety under Fedhas
 46343 | Spider:1 | Reached skill level 10 in Shields
 46469 | Spider:1 | Learned a level 1 spell: Apportation
 46471 | Spider:1 | Learned a level 1 spell: Animate Skeleton
 46474 | Spider:1 | Learned a level 2 spell: Poisonous Vapours
 46477 | Spider:1 | Learned a level 2 spell: Wereblood
 46609 | Spider:1 | Reached skill level 1 in Transmutations
 46780 | Spider:1 | Reached skill level 5 in Transmutations
 48705 | Spider:2 | Reached skill level 10 in Transmutations
 48832 | Spider:2 | Reached XP level 18. HP: 141/145 MP: 26/26
 49935 | Spider:3 | Reached skill level 1 in Spellcasting
 50169 | Spider:3 | Identified the +7 whip "Kifod" {protect, Dex+4} (You found
                  | it on level 3 of the Spider Nest)
 51233 | Spider:4 | Entered Level 4 of the Spider Nest
 51233 | Spider:4 | Noticed Agnes
 51328 | Spider:4 | Noticed Arachne
 51360 | Spider:4 | Killed Agnes
 51361 | Spider:4 | Reached skill level 5 in Spellcasting
 52075 | Spider:4 | Killed Arachne
 54641 | Orc:2    | Bought a potion of curing for 42 gold pieces
 54641 | Orc:2    | Bought a potion of curing for 42 gold pieces
 54641 | Orc:2    | Bought a potion of curing for 42 gold pieces
 54641 | Orc:2    | Bought a potion of ambrosia for 112 gold pieces
 54755 | Vaults:1 | Entered Level 1 of the Vaults
 54836 | Vaults:1 | Reached skill level 10 in Spellcasting
 55415 | Vaults:1 | Reached XP level 19. HP: 151/151 MP: 33/33
 56521 | Vaults:1 | Cast into level 2 of the Abyss (a wizard)
 56521 | Abyss:2  | Found a corrupted altar of Lugonu.
 56557 | Vaults:1 | Escaped the Abyss
 57737 | Vaults:2 | Noticed Xtahua
 57750 | Vaults:2 | Killed Xtahua
 58072 | D:13     | Bought a scroll of enchant armour for 105 gold pieces
 58233 | Orc:2    | Bought a scroll of enchant armour for 97 gold pieces
 59125 | Spider:4 | Reached skill level 14 in Dodging
 59128 | Spider:4 | Got a gossamer rune of Zot
 59399 | D:8      | Learned a level 3 spell: Mephitic Cloud
 60526 | Vaults:2 | Noticed Adoajy's ghost (adept DsWr)
 60587 | Vaults:2 | Reached skill level 15 in Dodging
 60921 | Vaults:2 | You fall into a shaft and drop 1 floor!
 61016 | Vaults:3 | Reached skill level 16 in Dodging
 61762 | Vaults:3 | Reached XP level 20. HP: 126/160 MP: 35/35
 61804 | Vaults:3 | Reached skill level 17 in Dodging
 61832 | Vaults:3 | Found Gozag's Assorted Antiques.
 62080 | Vaults:3 | Found an opulent altar of Gozag.
 62080 | Vaults:3 | Found Gozag's Antique Weapon Shoppe.
 62083 | Vaults:3 | Bought a smoking amber ring for 500 gold pieces
 62083 | Vaults:3 | Identified the ring of Ahur {rC+ EV+4} (You bought it in a
                  | shop on level 3 of the Vaults)
 62104 | Vaults:3 | Found Gozag's Antique Weapon Shoppe.
 62740 | Vaults:3 | Found a staircase to the Crypt.
 62913 | Vaults:3 | Paralysed by a great orb of eyes for 7 turns
 64997 | Vaults:4 | Identified the +7 short sword "Ninuureh" {vorpal, rElec}
 66740 | Vaults:4 | Found a runed translucent gate.
 66740 | Vaults:4 | Found a runed translucent gate.
 66740 | Vaults:4 | Found an opulent altar of Gozag.
 66740 | Vaults:4 | Found a runed translucent gate.
 66742 | Vaults:4 | Noticed garrulousMonolith's ghost (veteran GnFi)
 66890 | Vaults:4 | Found Jyogischa's Antique Weapon Emporium.
 66898 | Vaults:4 | Bought a translucent trident for 255 gold pieces
 66898 | Vaults:4 | Identified the +5 trident of Yliog {vorpal, rN+ MR- Int+2}
                  | (You bought it in a shop on level 4 of the Vaults)
 67013 | Vaults:4 | Reached XP level 21. HP: 166/166 MP: 36/36
 67409 | Vaults:2 | Noticed Mara
 67411 | Vaults:2 | Noticed dolemite99's illusion
 67418 | Vaults:2 | Killed Mara
 67999 | Vaults:2 | You fall into a shaft and drop 2 floors!
 68798 | Vaults:2 | Found a runed translucent gate.
 68799 | Vaults:2 | Found a runed translucent gate.
 68799 | Vaults:2 | Found a runed translucent gate.
 68928 | Vaults:2 | Noticed Saint Roka
 68963 | Vaults:2 | Killed Saint Roka
 70111 | Elf:1    | Entered Level 1 of the Elven Halls
 70545 | Elf:1    | Reached skill level 15 in Fighting
 71150 | Elf:1    | Found a runed translucent gate.
 71150 | Elf:1    | Found a runed translucent gate.
 71150 | Elf:1    | Found a runed translucent gate.
 71150 | Elf:1    | Found a runed translucent gate.
 71150 | Elf:1    | Found a runed translucent gate.
 71215 | Elf:1    | Found a runed translucent gate.
 72349 | Elf:2    | Found Xyoss's Armour Shoppe.
 72395 | Elf:2    | Bought +0 shadow dragon scales for 1440 gold pieces
 73058 | Elf:2    | Found a runed translucent gate.
 73058 | Elf:2    | Found a runed translucent gate.
 73060 | Elf:2    | Found a runed translucent gate.
 73464 | Depths:1 | Entered Level 1 of the Depths
 73484 | Depths:1 | Reached XP level 22. HP: 180/180 MP: 34/37
 73536 | Depths:1 | Reached skill level 1 in Translocations
 73584 | Depths:1 | Found a snail-covered altar of Cheibriados.
 73722 | Depths:1 | Noticed Louise
 73749 | Depths:1 | Killed Louise
 73800 | Depths:1 | Found a one-way gate to the infinite horrors of the Abyss.
 74495 | Depths:1 | Found Fuxzowu's Assorted Antiques.
 74495 | Depths:1 | Found Iraikkur's Distillery.
 74507 | Depths:1 | Bought a dazzling war axe for 357 gold pieces
 74507 | Depths:1 | Identified the +4 war axe "Hegruoff" {speed, Str+2} (You
                  | bought it in a shop on level 1 of the Depths)
 74517 | Depths:1 | Bought a potion of heal wounds for 65 gold pieces
 74517 | Depths:1 | Bought a potion of curing for 39 gold pieces
 74625 | Depths:1 | Found a gateway to a ziggurat.
 74817 | Depths:1 | Found a gateway to Hell.
 75253 | Depths:2 | Reached skill level 5 in Translocations
 76864 | Depths:2 | Reached skill level 1 in Necromancy
 78074 | Depths:2 | Noticed a juggernaut
 78086 | Depths:2 | Killed a juggernaut
 79365 | Depths:3 | Reached skill level 5 in Necromancy
 80197 | Depths:3 | Identified the Catalogue of Frigorific Lightness
 80208 | Depths:3 | Learned a level 2 spell: Call Imp
 80211 | Depths:3 | Learned a level 2 spell: Swiftness
 80215 | Depths:3 | Learned a level 3 spell: Dazzling Flash
 80693 | Depths:3 | Found Eko Miat's Assorted Antiques.
 80699 | Depths:3 | Bought a scroll of blinking for 232 gold pieces
 81427 | Depths:4 | Found a corrupted altar of Lugonu.
 82752 | Vaults:2 | Killed Adoajy's ghost
 83161 | Depths:4 | Noticed the Enchantress
 83618 | Depths:3 | Reached XP level 23. HP: 162/186 MP: 38/38
 84561 | Depths:3 | Killed the Enchantress
 84639 | Depths:4 | Reached skill level 1 in Hexes
 85033 | Depths:3 | Reached skill level 5 in Hexes
 85651 | Depths:4 | Paralysed by a floating eye for 4 turns
 86238 | Depths:4 | Found an iron altar of Okawaru.
 86411 | Depths:4 | Reached skill level 10 in Hexes
 87916 | Depths:5 | Entered Level 5 of the Depths
 89047 | Depths:5 | Found Awkiokoi's Gadget Shop.
 89049 | Depths:5 | Found Buso's Jewellery Emporium.
 89050 | Depths:5 | Found Walu's Gadget Shop.
 89057 | Depths:5 | Bought an uncursed ring of protection from fire for 425
                  | gold pieces
 89133 | Depths:5 | Learned a level 4 spell: Animate Dead
 89203 | Depths:5 | Reached skill level 1 in Conjurations
 89455 | Depths:5 | Noticed a juggernaut
 89508 | Depths:5 | Reached XP level 24. HP: 86/193 MP: 36/38
 89691 | Depths:5 | Found a gate to the Realm of Zot.
 90179 | Depths:5 | Killed a juggernaut
 90180 | Depths:5 | Reached skill level 5 in Conjurations
 90670 | Depths:5 | Identified Qotrui's Almanac of Dislocated Ice
 90673 | Depths:5 | Got a transparent golden ring
 90675 | Depths:5 | Identified the ring of the Cockatrice {+Fly rElec rF+ Str+4
                  | Dex-4} (You found it on level 5 of the Depths)
 90720 | Depths:5 | Reached skill level 1 in Summonings
 92384 | Depths:5 | Reached skill level 5 in Summonings
 93524 | Elf:3    | Entered Level 3 of the Elven Halls
 93571 | Elf:3    | Noticed Bai Suzhen
 93609 | Elf:3    | Killed Bai Suzhen
 93636 | Elf:3    | Reached skill level 10 in Armour
 93670 | Elf:3    | Identified the amulet of Wod Parch {Faith +Fly rC++ Dex+4}
 93681 | Elf:3    | Identified the +4 rapier of Neag {venom, rElec rN+ MR+}
 94922 | Elf:3    | Found Xyemm's Antique Armour Boutique.
 95027 | Elf:3    | Identified the +5 flail "Enweliar" {flame, rElec rC++ MR-
                  | Str+3}
 95508 | Elf:3    | Identified the cursed +1 scythe "Sanac" {protect, +Rage
                  | Dex+3}
 95957 | Elf:3    | Identified the ring of the Median {Fire rPois Int-2 Dex+5}
 95969 | Elf:3    | Identified the +7 glaive of Collusion {freeze, Dex+5}
 95969 | Elf:3    | Identified the ring "Biest" {Wiz *Corrode rPois Dex+7
                  | Stlth+}
 96274 | Elf:3    | Identified the Compendium of Toxins and Execration
 96494 | Elf:3    | Upgraded the game from 0.26-a0-831-g7192265339 to
                  | 0.26-a0-834-g69557b85cc
 96740 | D:14     | Killed avis's ghost
 97060 | Depths:1 | Bought a potion of invisibility for 104 gold pieces
 97060 | Depths:1 | Bought a potion of invisibility for 104 gold pieces
 97402 | Spider:4 | Identified the +10 morningstar of Death {venom, +Inv MP+9
                  | Dex-5 Stlth+} (You found it on level 4 of the Spider Nest)
 98121 | Crypt:1  | Entered Level 1 of the Crypt
 98373 | Crypt:1  | Identified the +2 pair of boots of Pagratos {rElec rCorr
                  | Str+6 Dex-3} (You found it on level 1 of the Crypt)
 99023 | Depths:5 | Bought the ring of Tender Moments {rF+ rC+ rN+ Int-2
                  | Stlth+} for 710 gold pieces
 99372 | Crypt:1  | Noticed Aizul
 99389 | Crypt:1  | Killed Aizul
100699 | Crypt:1  | Reached XP level 25. HP: 194/200 MP: 38/38
101467 | Crypt:2  | HP: 6/200 [bog body/bolt of cold (13)]
101467 | Crypt:2  | HP: 2/200 [ghoul (4)]
103450 | Depths:1 | Bought a potion of ambrosia for 104 gold pieces
104063 | Orc:2    | Bought a scroll of fog for 26 gold pieces
104063 | Orc:2    | Bought a scroll of teleportation for 39 gold pieces
104303 | Depths:3 | Bought a scroll of teleportation for 93 gold pieces
104675 | Vaults:5 | Entered Level 5 of the Vaults
104782 | Vaults:5 | HP: 8/200 [vault sentinel/+0 morningstar (4)]
104788 | Vaults:5 | HP: 3/200 [tentacled monstrosity (6)]
104789 | Vaults:5 | Mangled by a purple very ugly thing

Illustrated notes

Levels and vault maps discovered:
D:1:      giann_horns, layout_basic
D:2:      layout_basic, eino_tiny_chamber, fedhas_altar_3
D:3:      layout_rooms
D:4:      layout_basic, tso_oasis_becter, nicolae_ru_path_of_blood, zin_academy,
          sigmund_army, uniq_natasha, uniq_crazy_yiuf_cottage
D:5:      layout_basic, overflow_temple_1_default,
          minmay_temple_entry_antechambers, serial_shops, shop,
          corexii_checkpoint_a, hex_large, uniq_blork_the_orc
D:6:      layout_cave_pools, kennysheep_little_box,
          chequers_temple_overflow_statue_of_worship,
          nemelex_xobeh_ov_fountains_minmay, serial_shops, shop
D:7:      layout_basic, eat_drink_and_be_merry_uskayaw,
          ebering_ghost_reflecting_pool, nrook_loot_triangle, uniq_joseph,
          uniq_maggie, uniq_prince_ribbit1
D:8:      layout_cave_pools, xom_butterflies, due_lair_maze_entry_diamond,
          uniq_erica
D:9:      layout_rooms, lightli_temple_of_fire, ebering_ghost_reflecting_pool,
          kennysheep_boxes
D:10:     layout_basic, david_orc_3, eino_jars, uniq_sonja, uniq_snorg
D:11:     layout_loops_ring, serial_shops, nicolae_shop_trees
D:12:     layout_rooms, portal_ice_cave_entry_animals_and_master
D:13:     layout_irregular_city, lightli_vaults_fourway_checkpoint,
          serial_shops, shop_scrolls, shop
D:14:     layout_basic, gammafunk_ghost_mausoleum, minmay_hedge_maze
D:15:     hangedman_depths_entry_try_elsewhere_first, layout_loops_ring,
          minmay_misc_feat_tiny, uniq_azrael
Lair:1:   layout_roguey, gammafunk_ghost_wrathful_warriors, lemuel_fruit_tree,
          serial_bayou_shore_b
Lair:2:   layout_regular_city, skrybe_swamp_entry_bodies, beast_lair_carwin_11,
          uniq_nergalle
Lair:3:   layout_cave_pods, nicolae_spider_entry_orb_guardian, special_room,
          chequers_serial_rivers_micro_c, serial_bayou_shore_b
Lair:4:   layout_long_grid, roderic_carrion_pond, uniq_josephine
Lair:5:   layout_small_grid, dpeg_slime_entry_enclosed_altar
Lair:6:   minmay_lair_end_frog_pond, layout_gridlike
Swamp:1:  layout_basic_swamp, nicolae_swamp_triple_paths, uniq_nikola,
          uniq_roxanne
Swamp:2:  nicolae_swamp_phyte_club, layout_basic_swamp, serial_swamp_ruin,
          evilmike_swamp_ruin_house_1, evilmike_swamp_ruin_rubble_1
Swamp:3:  gammafunk_worm_tunnel, layout_basic_swamp, evilmike_swamp_ruin_wall
Swamp:4:  swamp_icy, layout_basic_swamp, swamp_pool4
Spider:1: lemuel_spider_zombies, hive_lemuel
Spider:2: layout_spider_delve, einodemon_crawler_minivault,
          hangedman_spider_tarantella_strand
Spider:3: layout_spider_delve, lemuel_hornet_nest
Spider:4: grunt_spider_rune_circles, drop_trap, uniq_agnes, uniq_arachne
Orc:1:    layout_caves, ebering_ghost_rock_garden
Orc:2:    pf_orc_diabolical, layout_caves, basic_altar, serial_shops, shop
Elf:1:    eino_elf_arrival_the_gate, layout_loops_cross, orc_legates, drop_trap,
          dk_noncrumbling_3, minivault_20, grunt_ministairs_9,
          elves_outpost_lemuel
Elf:2:    layout_gridlike, serial_shops, shop, drop_trap
Elf:3:    minmay_elf_hall_quartered_circle, layout_onion_city, serial_shops,
          shop, uniq_bai_suzhen
Vaults:1: vaults_mumra_hexcomb, nicolae_vaults_ninety_degrees,
          grunt_vaults_focal, vaults_standard_mumra_x, vaults_dpeg_diagonal,
          layout_vaults_omnigrid
Vaults:2: gammafunk_vaults_ghost_split, nicolae_vaults_rhombus_6,
          vaults_mumra_chevron_long, ontoclasm_vaults_gateway,
          nicolae_vaults_back_hallway, vaults_dpeg_ring, hangedman_vaults_maws,
          v_rooms_1, nicolae_vaults_alarming, nicolae_vaults_little_squares_2,
          layout_vaults_big_room, uniq_mara, uniq_margery, uniq_saint_roka,
          uniq_xtahua
Vaults:3: hangedman_vaults_corner_blocks, hangedman_vaults_stagger,
          ontoclasm_vaults_bender, ontoclasm_vaults_ring_large,
          minmay_crypt_entry_vampire_xt, ontoclasm_vaults_ring_large, v_misc_30,
          nicolae_vaults_diagonal_hallway_8, nicolae_vaults_network_square,
          ontoclasm_vaults_spin, kennysheep_vaults_gozag_temple,
          nicolae_vaults_sealed_display, vaults_room_fours, serial_ice_b,
          vaults_room_large_hall, nicolae_vaults_shelves_hall,
          vaults_dpeg_hooks, layout_vaults_maze
Vaults:4: ebering_vaults_ghost_gozag, nicolae_vaults_little_ls,
          ontoclasm_vaults_idyll, v_misc_25, vaults_room_ringed_pool,
          nicolae_vaults_disjoint_gnomons, vaults_mumra_chevron, v_pattern_3,
          nicolae_vaults_circle_grid_a, v_misc_24, vaults_dpeg_cross,
          layout_vaults_ring, serial_shops, shop
Vaults:5: uniq_sojobo
Crypt:1:  layout_regular_city, uniq_aizul
Crypt:2:  layout_misc_corridors, minivault_24, st_stairs_11,
          minmay_misc_feat_ornament, minigarden_bobbens
Depths:1: layout_long_grid, enter_ziggurat_a,
          nicolae_abyss_entry_one_way_or_another, hellmouth_1,
          cheibriados_altar_1, minmay_shoptagon
Depths:2: cell_vault, layout_honeycomb, hellmouth_3,
          serial_sigils_hangedman_leer, minivault_16
Depths:3: cheibrodos_lost_city_excavation, layout_basic, rand_demon_pan_entry_9,
          hangedman_tar_grid_catacomb, serial_shops, shop,
          abyss_entry_small_statue_room, corexii_hall_statues_l,
          infiniplex_staircase_pool_2, serial_bayou_shore_a
Depths:4: minmay_the_grid_4x2 [minmay_the_grid_stretched_grid,
          minmay_the_grid_odd_star, minmay_the_grid_diamond_grid,
          minmay_the_grid_spikes, minmay_the_grid_plusring,
          minmay_the_grid_outer_circle, minmay_the_grid_pillar_ring,
          minmay_the_grid_prize_big_room], layout_cave_pools, serial_shops,
          bzr_entry_water, okawaru_ov_weapons_minmay, grunt_hell_entry_dis_mu,
          abyss_entry_flame_altar, minmay_misc_feat_four_crosses,
          uniq_enchantress
Depths:5: lemuel_castle_with_subvaults [lemuel_castle_interior_original],
          layout_basic, hell_entry, serial_bayou_ford_a, grunt_ministairs_7,
          minmay_shop_grove

Skill      XL: |  1  2  3  4  5  6  7  8  9 10 11 12 13 14 15 16 17 18 19 20 21 22 23 24 25 |
---------------+----------------------------------------------------------------------------+-----
Polearms       | 4 5 6 7 8 9 13 15 16 | 16.6
Throwing       | 2 3 4 7 |  7.7
Fighting       | 4 8 10 13 14 16 | 16.9
Evocations     | 3 4 5 8 9 10 | 10.0
Invocations    | 5 6 9 10 13 | 13.8
Dodging        | 4 9 11 12 13 16 17 | 17.6
Armour         | 4 5 7 8 9 12 | 12.2
Stealth        | 5 7 |  7.4
Shields        | 6 10 | 10.2
Slings         | 1 9 10 12 | 12.6
Transmutations | 10 11 | 11.1
Spellcasting   | 10 11 | 11.3
Translocations | 7 |  7.0
Necromancy     | 8 |  8.8
Hexes          | 11 | 11.4
Conjurations   | 3 6 7 |  7.0
Summonings     | 5 |  5.4

Action                   |  1- 3 |  4- 6 |  7- 9 | 10-12 | 13-15 | 16-18 | 19-21 | 22-24 | 25-27 || total
-------------------------+-------+-------+-------+-------+-------+-------+-------+-------+-------++-------
Melee: Trident           |    80 |   208 |   285 |   528 |   851 |   308 |   343 |    12 |       ||  2615
       Dagger            |       |    21 |       |       |       |       |       |       |       ||    21
       Unarmed           |       |     1 |     9 |       |       |       |       |       |       ||    10
       Tailslap          |       |       |       |       |    10 |     6 |       |     7 |       ||    23
       Hunting sling     |       |       |       |       |     1 |       |       |       |       ||     1
       Rapier            |       |       |       |       |       |     3 |       |       |       ||     3
       Fustibalus        |       |       |       |       |       |       |     1 |     1 |       ||     2
       Demon trident     |       |       |       |       |       |       |       |   492 |    33 ||   525
       Short sword       |       |       |       |       |       |       |       |    15 |       ||    15
       Glaive            |       |       |       |       |       |       |       |       |    19 ||    19
 Fire: Hunting sling     |       |       |       |       |   354 |       |       |       |       ||   354
       Fustibalus        |       |       |       |       |   413 |  1843 |  1763 |  1953 |   260 ||  6232
Throw: Stone             |     9 |    35 |     8 |     2 |     7 |     2 |    13 |    18 |       ||    94
       Dart              |       |    29 |    90 |    29 |    37 |    10 |    13 |    21 |       ||   229
       Boomerang         |       |       |    24 |   134 |   265 |       |       |       |       ||   423
 Cast: Wereblood         |       |       |       |       |       |       |    17 |    19 |       ||    36
       Apportation       |       |       |       |       |       |       |       |    10 |     1 ||    11
       Animate Skeleton  |       |       |       |       |       |       |       |    20 |       ||    20
       Call Imp          |       |       |       |       |       |       |       |     1 |       ||     1
       Dazzling Flash    |       |       |       |       |       |       |       |     1 |       ||     1
Invok: Wall of Briars    |       |       |       |     8 |     5 |     1 |     7 |     9 |     1 ||    31
       Grow Ballistomyce |       |       |       |     4 |    37 |    20 |    39 |    53 |     6 ||   159
       Overgrow          |       |       |       |       |       |     3 |       |       |       ||     3
       Grow Oklob        |       |       |       |       |       |     3 |       |       |       ||     3
Evoke: Wand              |       |       |    11 |    37 |    38 |    54 |    34 |    61 |     5 ||   240
       Condenser vane    |       |       |       |       |     5 |     9 |     9 |    13 |     1 ||    37
       Phantom mirror    |       |       |       |       |     2 |     4 |     5 |    11 |     1 ||    23
       Lightning rod     |       |       |       |       |     6 |    32 |    20 |    34 |     7 ||    99
       Tin of tremorston |       |       |       |       |     2 |    10 |    14 |    15 |     3 ||    44
       Box of beasts     |       |       |       |       |       |       |       |    12 |     1 ||    13
       Phial of floods   |       |       |       |       |       |       |       |     1 |     2 ||     3
  Use: Scroll            |       |     7 |     5 |    20 |    13 |    21 |    10 |    35 |    19 ||   130
       Potion            |       |     1 |     8 |     4 |     9 |    17 |     7 |    11 |     9 ||    66
 Stab: Paralysed         |       |       |    26 |     9 |     5 |     3 |       |       |     1 ||    44
       Invisible         |       |       |     4 |     3 |     4 |       |       |       |       ||    11
       Confused          |       |       |       |    10 |     2 |     2 |     2 |     4 |       ||    20
       Sleeping          |       |       |       |     1 |       |       |       |       |       ||     1
       Distracted        |       |       |       |       |       |     2 |       |     3 |       ||     5
Armor: Scale mail        |    18 |    99 |    27 |       |       |       |       |       |       ||   144
       Skin              |       |       |     1 |       |       |       |       |       |       ||     1
       Chain mail        |       |       |    87 |   176 |   203 |   522 |    78 |       |       ||  1066
       Ice dragon scales |       |       |       |       |       |       |   138 |       |       ||   138
       Fire dragon scale |       |       |       |       |       |       |    32 |       |       ||    32
       Shadow dragon sca |       |       |       |       |       |       |     9 |   113 |       ||   122
       Acid dragon scale |       |       |       |       |       |       |       |    32 |       ||    32
       Plate armour      |       |       |       |       |       |       |       |   172 |    38 ||   210
Dodge: Dodged            |    35 |    86 |    91 |   201 |   350 |   602 |   305 |   504 |    64 ||  2238
Block: Other             |       |       |       |    22 |    65 |       |       |       |       ||    87
       Kite shield       |       |       |       |       |   291 |   547 |   467 |   153 |       ||  1458
       Reflection        |       |       |       |       |    22 |     5 |    80 |    33 |       ||   140
       Buckler           |       |       |       |       |       |       |       |   290 |    26 ||   316

Table legend: (Time is in decaauts)
 A = Elapsed time spent in this place.
 B = Non-inter-level travel time spent in this place.
 C = Inter-level travel time spent in this place.
 D = Time resting spent in this place.
 E = Time spent auto-exploring this place.
 F = Levels seen in this place.
 G = Mean time per level.
                   A        B        C        D        E       F      G
               +--------+--------+--------+--------+--------+-----+--------+
         Total | 100520 |  86777 |  13743 |  37545 |  31945 |  47 | 2138.7 |
       Dungeon |  29016 |  22862 |   6154 |   9743 |   8955 |  15 | 1934.4 |
          Lair |  11427 |  10071 |   1356 |   4434 |   3792 |   6 | 1904.5 |
         Swamp |   6125 |   5834 |    291 |   2838 |   1894 |   4 | 1531.2 |
   Spider Nest |   8793 |   8191 |    602 |   3531 |   2849 |   4 | 2198.2 |
  Orcish Mines |   3975 |   3255 |    720 |   1302 |   1084 |   2 | 1987.5 |
   Elven Halls |   5916 |   5625 |    291 |   2008 |   2245 |   3 | 1972.0 |
        Vaults |  14232 |  12264 |   1968 |   4807 |   4713 |   5 | 2846.4 |
         Crypt |   4015 |   3806 |    209 |   2127 |   1070 |   2 | 2007.5 |
        Depths |  16986 |  14836 |   2150 |   6753 |   5325 |   5 | 3397.2 |
         Abyss |     31 |     31 |      0 |      0 |     16 |   1 |   31.0 |
               +--------+--------+--------+--------+--------+-----+--------+

Top non-repeatable levels by time:
Vaults:3: 4992 daAuts
Depths:5: 4490 daAuts
Depths:2: 4362 daAuts
Vaults:2: 3391 daAuts
Spider:4: 3253 daAuts
Depths:3: 3236 daAuts
Vaults:1: 3065 daAuts
   Orc:2: 3016 daAuts
   Elf:3: 2848 daAuts
    D:13: 2847 daAuts
     D:4: 2766 daAuts
Vaults:4: 2683 daAuts
    D:15: 2610 daAuts
Depths:4: 2553 daAuts
  Lair:2: 2510 daAuts
